 Dungeon Crawl Stone Soup version 0.28-a0-1624-g820543e53a (webtiles) character file.

Game seed: 7398170143588046796

4687 HallandMoats the Fighter (level 10, -35/91 HPs)
             Began as a Ghoul Fighter on Jan 23, 2022.
             Was a Priest of Trog.
             Annihilated by an orc knight (38 damage)
             ... in a bailey.
             The game lasted 00:19:05 (9855 turns).

HallandMoats the Fighter (Ghoul Fighter)            Turns: 9855, Time: 00:19:06

Health: -35/91     AC: 13    Str: 21    XL:     10   Next: 44%
Magic:  0/13       EV: 11    Int: 11    God:    Trog [***...]
Gold:   244        SH:  5    Dex: 10    Spells: 9/9 levels left

rFire   . . .      SeeInvis .   a - +0 whip (venom)
rCold   + . .      Faith    .   E - +0 buckler
rNeg    + + +      Spirit   +   j - +0 scale mail
rPois   ∞          Reflect  .   p - +0 helmet
rElec   .          Harm     .   o - +2 cloak
rCorr   .          Rampage  .   (no gloves)
Will    +++..                   i - +0 pair of boots
Stlth   ..........              C - amulet of guardian spirit
HPRegen 1.00/turn               m - ring of willpower
MPRegen 0.13/turn               B - +6 ring of intelligence

@: strong-willed, regenerating
A: claws 1, cold resistance 1, negative energy resistance 3, inhibited
regeneration, torment resistance 2
a: Renounce Religion, Trog's Hand


You were in a bailey.
You worshipped Trog.
Trog was most pleased with you.
You visited 1 branch of the dungeon, and saw 8 of its levels.
You also visited: Bailey.

You collected 296 gold pieces.
You spent 52 gold pieces at shops.

Inventory:

Hand Weapons
 a - a +0 whip of venom (weapon)
 b - a +0 hunting sling
 G - a +1 whip of electrocution
Missiles
 D - 30 sling bullets
Armour
 i - a +0 pair of boots (worn)
 j - a +0 scale mail (worn)
 n - +0 steam dragon scales
 o - a +2 cloak (worn)
 p - a +0 helmet (worn)
 E - a +0 buckler (worn)
Jewellery
 m - a ring of willpower (left claw)
 B - a +6 ring of intelligence (right claw)
 C - an amulet of guardian spirit (around neck)
 H - an amulet of reflection
Wands
 y - a wand of iceblast (7)
 z - a wand of paralysis (14)
 I - a wand of charming (2)
Scrolls
 e - 2 scrolls of silence
 g - 4 scrolls of teleportation
 k - a scroll of fog
 l - a scroll of summoning
 q - a scroll of torment
 r - 2 scrolls of enchant weapon
 x - a scroll of holy word
Potions
 c - a potion of might
 d - a potion of cancellation {unknown}
 f - 5 potions of curing {unknown}
 h - a potion of haste {unknown}
 s - a potion of brilliance {unknown}
 t - 2 potions of magic {unknown}
 u - 2 potions of resistance {unknown}
 v - a potion of heal wounds {unknown}
 w - a potion of flight {unknown}


   Skills:
 + Level 9.3 Fighting
 * Level 4.9 Slings
 - Level 6.0 Armour
 - Level 5.3 Dodging
 - Level 5.1 Shields
 - Level 2.1 Unarmed Combat
 + Level 6.5 Invocations


You had 9 spell levels left.
You didn't know any spells.
Your spell library was empty.

Dungeon Overview and Level Annotations

Branches:
Dungeon (8/15)             Temple (0/1) D:5            Lair (0/6) D:8
 Bailey (1/1)

Altars:
Cheibriados
Elyvilon
Gozag
Nemelex Xobeh
Okawaru
Trog

Shops:
D:4 ?   D:7 ?(


Innate Abilities, Weirdness & Mutations

You thrive by killing the living.
You are immune to poison.
You have sharp fingernails.
Your flesh is cold resistant. (rC+)
You are immune to negative energy. (rN+++)
You do not regenerate when monsters are visible.
You are immune to unholy pain and torment.


Message History

a +0 hand axe; a +0 leather armour
There is an open door here.
Items here: )) [[ ÷.
The orc knight looks more healthy.
The orc knight roars a battlecry!
Things that are here:
a +0 hand axe; a +0 leather armour Your skin crawls.
You feel strong-willed.
There is a large open door here.
Things that are here:
a +0 war axe; a +0 scale mail; an orc skeleton Your +0 whip of venom stops dripping with poison.
b - a +0 hunting sling (weapon)
Fire: 32 sling bullets
Press: ? - help, Q - select action, (/) - cycle Shift-Dir - straight line, f - orc knight
Aim: an orc knight, wielding a +0 battleaxe and wearing a +0 plate armour (almost dead, 63% to hit)
You shoot a sling bullet.
The sling bullet barely misses the orc knight.
The sling bullet barely misses the orc knight.
Fire: 31 sling bullets
Press: ? - help, Q - select action, (/) - cycle Shift-Dir - straight line, f/p - orc knight
Aim: an orc knight, wielding a +0 battleaxe and wearing a +0 plate armour (almost dead, 63% to hit)
You shoot a sling bullet.
The sling bullet barely misses the orc knight.
The sling bullet closely misses the orc knight.
Your +0 whip of venom begins to drip with poison!
a - a +0 whip of venom (weapon)
The orc knight roars a battlecry!
The orc knight goes into a battle-frenzy!
You hit the orc knight but do no damage.
The orc knight is poisoned.
The orc knight is almost dead.
The orc knight completely misses you.
You closely miss the orc knight.
The orc knight is almost dead.
The orc knight hits you with a +0 battleaxe!!!
* * * LOW HITPOINT WARNING * * *
The orc knight hits you with a +0 battleaxe!!!
You die...

≈≈≈≈≈≈≈.........≈≈≈≈≈≈≈
≈≈≈≈≈≈≈≈≈≈...≈≈≈≈≈≈≈≈≈≈
≈≈≈≈≈≈≈≈≈≈...≈≈≈≈≈≈≈≈≈≈
≈≈≈≈≈≈≈≈≈≈...≈≈≈≈≈≈≈≈≈≈
≈≈≈≈≈≈≈≈≈≈...≈≈≈≈≈≈≈≈≈≈
≈≈≈≈
######≈≈≈≈...≈≈≈≈######
≈≈≈≈≈ ..#...........#
≈≈≈≈≈≈###g.#####)''#####
≈≈≈≈≈≈#.o. #..'@....+
≈≈≈≈≈≈#o. #..o.....+
≈≈≈≈≈≈#'####.o#..⌠..#
≈≈≈≈≈≈≈.#.....#.....#
≈≈≈≈≈≈≈.#.8)..#.....#
≈≈≈≈≈≈≈o#.....#######
≈≈≈≈≈≈≈.#.8####
≈≈≈≈≈≈≈.#..#
≈≈≈≈≈≈≈≈.#.8#


You could see 2 orc knights.

Vanquished Creatures
  Pikel (D:7)
  Joseph (D:7)
  A kobold demonologist (Bailey)
  A vampire (D:6)
  A steam dragon (D:8)
  A water moccasin (D:4)
  4 orc warriors
  An ice beast (D:7)
  2 sky beasts
  A black bear (D:6)
  A necrophage (D:4)
  3 ogres
  A lemure (D:7)
  A phantom (D:7)
  2 bullfrogs (D:7)
  3 scorpions
  2 water moccasin zombies (D:6)
  2 water moccasin skeletons (D:5)
  The ghost of Bearnado the Chopper, a weakling MiBe of Trog (D:3)
  3 killer bees (D:6)
  5 wights (D:7)
  2 howler monkeys
  6 electric eels (D:7)
  A bullfrog zombie (D:5)
  A centaur zombie (D:6)
  2 centaur skeletons
  An orc priest (D:7)
  Crazy Yiuf (D:2)
  3 hounds
  A jelly (D:6)
  A bullfrog skeleton (D:6)
  3 orc wizards
  Terence (D:3)
  3 iguanas
  Natasha (thrice) (D:2)
  A killer bee zombie (D:5)
  A hound skeleton (D:4)
  Robin (D:3)
  13 gnolls
  A howler monkey skeleton (D:4)
  6 adders
  A shadow imp (D:7)
  An ufetubus (D:4)
  An adder skeleton (D:4)
  10 dart slugs
  25 orcs
  7 bats
  7 endoplasms
  A giant cockroach (D:3)
  12 goblins
  20 hobgoblins
  8 jackals
  2 quokkas
  4 ball pythons
  A frilled lizard (D:1)
  3 kobolds
  4 rats
197 creatures vanquished.

Vanquished Creatures (others)
  A fungus (D:8)
  3 plants
4 creatures vanquished.

Grand Total: 201 creatures vanquished

Notes
Turn   | Place    | Note
-------+----------+-------------------------------------------
     0 | D:1      | HallandMoats the Ghoul Fighter began the quest for the Orb.
     0 | D:1      | Reached XP level 1. HP: 19/19 MP: 0/0
   386 | D:1      | Reached XP level 2. HP: 19/26 MP: 1/1
   562 | D:1      | Found a faded altar of an unknown god.
   615 | D:1      | Prayed at the altar of an unknown god.
   615 | D:1      | Became a worshipper of Trog the Wrathful
   615 | D:1      | Reached * piety under Trog
   641 | D:1      | Reached XP level 3. HP: 32/33 MP: 2/2
  1016 | D:2      | Reached skill level 4 in Fighting
  1022 | D:2      | Reached skill level 1 in Dodging
  1150 | D:2      | Reached XP level 4. HP: 32/40 MP: 3/3
  1176 | D:2      | Reached skill level 1 in Invocations
  1439 | D:2      | Noticed Natasha
  1450 | D:2      | Killed Natasha
  1451 | D:2      | Reached XP level 5. HP: 27/47 MP: 4/4
  1574 | D:2      | Noticed Natasha
  1582 | D:2      | Killed Natasha
  1711 | D:2      | Reached ** piety under Trog
  1920 | D:2      | Noticed Natasha
  1929 | D:2      | Killed Natasha
  2119 | D:2      | Found a runed translucent door.
  2120 | D:2      | Noticed Crazy Yiuf
  2137 | D:2      | Killed Crazy Yiuf
  2308 | D:3      | Noticed Robin
  2309 | D:3      | Reached skill level 5 in Fighting
  2309 | D:3      | Reached XP level 6. HP: 51/56 MP: 6/6
  2352 | D:3      | Killed Robin
  2621 | D:3      | Found an opulent altar of Gozag.
  2712 | D:3      | Noticed Bearnado's ghost (weakling MiBe)
  2715 | D:3      | Found a runed translucent door.
  3029 | D:3      | Noticed Terence
  3042 | D:3      | Killed Terence
  3338 | D:3      | Killed Bearnado's ghost
  3541 | D:4      | Found Edez's Magic Scroll Emporium.
  3561 | D:4      | Bought a scroll of identify for 26 gold pieces
  3567 | D:4      | Bought a scroll of identify for 26 gold pieces
  3594 | D:4      | Noticed a necrophage
  3630 | D:4      | Killed a necrophage
  3631 | D:4      | Reached XP level 7. HP: 38/62 MP: 6/8
  4092 | D:4      | Reached skill level 6 in Fighting
  4113 | D:4      | Found an iron altar of Okawaru.
  4220 | D:4      | Found a sparkling altar of Nemelex Xobeh.
  4627 | D:5      | Entered Level 5 of the Dungeon
  4670 | D:5      | Reached *** piety under Trog
  4676 | D:5      | Reached XP level 8. HP: 29/71 MP: 9/9
  4972 | D:5      | Reached skill level 7 in Fighting
  5010 | D:5      | Found a staircase to the Ecumenical Temple.
  5472 | D:6      | Reached XP level 9. HP: 24/81 MP: 11/11
  5721 | D:6      | Reached skill level 8 in Fighting
  5721 | D:6      | Reached skill level 5 in Armour
  5721 | D:6      | Reached skill level 5 in Shields
  5797 | D:6      | Found a snail-covered altar of Cheibriados.
  6230 | D:6      | Reached skill level 5 in Invocations
  6609 | D:6      | Reached skill level 1 in Slings
  6890 | D:7      | Noticed Pikel
  6936 | D:7      | Killed Pikel
  8502 | D:7      | Reached XP level 10. HP: 90/90 MP: 13/13
  8525 | D:7      | Reached skill level 5 in Dodging
  8637 | D:7      | Reached skill level 9 in Fighting
  8645 | D:7      | Found Sutoff's Magic Scroll Emporium.
  8645 | D:7      | Noticed Joseph
  8672 | D:7      | Killed Joseph
  8895 | D:7      | Found Naotoon's Weapon Emporium.
  9223 | D:8      | Found a staircase to the Lair.
  9252 | D:8      | Found a flagged portal.
  9261 | Bailey   | Entered a bailey
  9582 | Bailey   | Noticed a kobold demonologist
  9594 | Bailey   | Noticed a smoke demon
  9597 | Bailey   | Noticed a sun demon
  9605 | Bailey   | Killed a kobold demonologist
  9779 | Bailey   | Noticed an orc knight
  9822 | Bailey   | Noticed an orc knight
  9855 | Bailey   | HP: 3/91 [orc knight (35)]
  9855 | Bailey   | Annihilated by an orc knight

Illustrated notes

Levels and vault maps discovered:
D:1:      amcnicky_arrival_underground_garden, layout_basic,
          dreamdust_ecumenical_altar_angels_and_demons,
          chequers_serial_rivers_micro_a
D:2:      layout_rooms, uniq_crazy_yiuf_cottage, uniq_natasha
D:3:      layout_basic, mainiacjoe_overflow_boulevard,
          hellmonk_ghost_happy_afterlife, chequers_serial_rivers_small_3,
          uniq_terence, uniq_robin
D:4:      layout_basic, nicolae_overflow_hidden_temple, kennysheep_little_box,
          serial_shops, shop
D:5:      layout_rooms, minmay_temple_entry_enclosed_plants, grunt_ministairs_1,
          serial_bayou_pond_c
D:6:      layout_gridville, mainiacjoe_overflow_two_lobes, hex_medium,
          st_stairs_5
D:7:      kennysheep_slugbush, layout_basic, nicolae_wooded_promenade,
          uniq_pikel, uniq_joseph
D:8:      layout_basic, nicolae_uskayaw_suspiria, dpeg_oklobed_lair,
          enter_bailey_6, hangedman_decor_growths
Bailey:   bailey_axe_of_yendor_kennysheep, bailey

Skill      XL: |  1  2  3  4  5  6  7  8  9 10 |
---------------+-------------------------------+-----
Fighting       | 4 5 6 7 8 9 |  9.3
Armour         | 3 4 5 6 |  6.0
Dodging        | 1 2 3 4 5 |  5.3
Shields        | 3 4 5 |  5.1
Invocations    | 1 2 3 4 5 6 |  6.5
Slings         | 3 4 |  4.9
Unarmed Combat | |  2.1

Action                   |  1- 3 |  4- 6 |  7- 9 | 10-12 || total
-------------------------+-------+-------+-------+-------++-------
Melee: Unarmed           |    53 |       |       |       ||    53
       Whip              |    23 |   241 |   467 |    42 ||   773
 Fire: Hunting sling     |       |       |   121 |   147 ||   268
Invok: Trog's Hand       |       |     3 |     6 |     8 ||    17
  Use: Scroll            |       |     8 |       |     6 ||    14
       Potion            |       |       |     2 |       ||     2
Armor: Scale mail        |    38 |    82 |   405 |    45 ||   570
Dodge: Dodged            |    39 |    90 |   284 |    75 ||   488
Block: Buckler           |    14 |    52 |   146 |    63 ||   275
       Reflection        |       |       |       |     1 ||     1

Table legend: (Time is in decaauts)
 A = Elapsed time spent in this place.
 B = Non-inter-level travel time spent in this place.
 C = Inter-level travel time spent in this place.
 D = Time resting spent in this place.
 E = Time spent auto-exploring this place.
 F = Levels seen in this place.
 G = Mean time per level.
                   A        B        C        D        E       F      G
               +--------+--------+--------+--------+--------+-----+--------+
         Total |  10059 |   9537 |    522 |   1813 |   5217 |   9 | 1117.7 |
       Dungeon |   9465 |   8943 |    522 |   1513 |   5172 |   8 | 1183.1 |
        Bailey |    594 |    594 |      0 |    300 |     44 |   1 |  594.0 |
               +--------+--------+--------+--------+--------+-----+--------+

Top non-repeatable levels by time:
     D:7: 2427 daAuts
     D:2: 1558 daAuts
     D:6: 1555 daAuts
     D:4: 1124 daAuts
     D:3: 1061 daAuts
     D:1: 994 daAuts
     D:5: 603 daAuts
  Bailey: 594 daAuts
     D:8: 139 daAuts
